AoeStats
← AllBirds

Arena

509206655Analyzed
4v4 RM · 5d ago on Sep 25, 2026· 58m 3s· 8 players
Game mode
Random Map
Map size
Large (8 player)
Population
200
Speed
Normal
Resources
Standard
Victory
Conquest
Starting age
Dark Age
Ending age
Imperial Age
RankedLock teamsTeams togetherTeam positionsShared explorationLock speedFull tech treeHidden civsTurbo modeCheats
Victory
Defeat
🇬🇧 Danes · United Kingdom
951
+13
🇨🇦 Mongols · Canada
949
+13
🇪🇨 Khmer · Ecuador
946
+13
🇨🇦 Turks · Canada
910
+15
🇧🇷 Malians · Brazil
1154
-23
🇧🇷 Wu · Brazil
874
-13
🇧🇷 Vietnamese · Brazil
806
-10
🇧🇷 Franks · Brazil
723
-8
Sesh
12:18 Feudal Age
13:38 Wheelbarrow
13:35 Double-Bit Axe
15:49 Horse Collar
21:30 Castle Age
36:26 Gold Mining
37:43 Bow Saw
46:14 Imperial Age
46:29 Elite Janissary
48:35 Elite Janissary
50:14 Forging
AllBirds
11:33 Feudal Age
12:47 Double-Bit Axe
14:30 Horse Collar
16:26 Stone Mining
16:40 Loom
21:13 Castle Age
19:12 Gold Mining
20:54 Bloodlines
22:17 Scale Barding Armor
22:24 Bow Saw
23:34 Heavy Plow
23:46 Forging
25:25 Wheelbarrow
27:36 Iron Casting
29:52 Fletching
34:10 Imperial Age
31:53 Bodkin Arrow
34:00 Hand Cart
33:31 Town Watch
34:10 Chain Barding Armor
34:18 Murder Holes
35:52 Cavalier
38:28 Ballistics
38:39 Conscription
40:38 Chemistry
40:24 Bracer
40:58 Elite Skirmisher
42:05 Parthian Tactics
42:00 Capped Ram
43:10 Husbandry
45:09 Padded Archer Armor
46:09 Blast Furnace
47:14 Drill
49:53 Caravan
50:32 Leather Archer Armor
51:21 Town Patrol
53:03 Siege Ram
56:45 Gold Shaft Mining
56:48 Stone Shaft Mining
56:55 Siege Engineers
aoken_1
13:39 Feudal Age
15:07 Double-Bit Axe
15:10 Horse Collar
18:09 Castle Age
16:17 Stone Mining
18:23 Scale Mail Armor
18:34 Forging
19:37 Chain Mail Armor
24:11 Heavy Plow
32:46 Bow Saw
39:51 Imperial Age
37:58 Wheelbarrow
38:54 Gold Mining
40:48 Elite Varangian Guard
41:29 Squires
41:15 Gambesons
41:15 Hamask
42:17 Conscription
42:41 Iron Casting
42:51 Plate Mail Armor
43:01 Plate Mail Armor
44:53 Blast Furnace
43:59 Arson
43:35 Pikeman
45:01 Gold Shaft Mining
53:21 Man-at-Arms
54:29 Long Swordsman
WinyHornet8
11:18 Feudal Age
16:06 Castle Age
14:08 Horse Collar
15:27 Double-Bit Axe
16:09 Gold Mining
16:12 Stone Mining
19:09 Heavy Plow
19:23 Bow Saw
22:24 Crossbowman
24:06 Gold Shaft Mining
27:20 Fletching
27:31 Padded Archer Armor
31:17 Imperial Age
30:17 Wheelbarrow
30:07 Ballistics
29:45 Bodkin Arrow
30:06 Leather Archer Armor
31:42 Stone Shaft Mining
33:26 Hand Cart
33:55 Crop Rotation
35:28 Conscription
35:10 Double Crossbow
35:13 Tusk Swords
34:34 Elite Ballista Elephant
35:00 Heavy Scorpion
36:51 Bracer
37:21 Ring Archer Armor
38:59 Chemistry
38:06 Siege Engineers
Ananda
12:34 Feudal Age
14:18 Loom
15:09 Double-Bit Axe
22:08 Castle Age
22:54 Scale Barding Armor
23:00 Forging
22:51 Scale Mail Armor
23:49 Stone Mining
30:07 Wheelbarrow
29:46 Bow Saw
37:27 Ordonnance Companies
39:32 Arson
39:48 Squires
47:28 Husbandry
50:53 Imperial Age
56:36 Hand Cart
58:55 Imperial Age
kaisermaster
5:05 Loom
10:25 Feudal Age
15:01 Castle Age
19:22 Double-Bit Axe
23:41 Bow Saw
23:13 Horse Collar
24:03 Heavy Plow
25:07 Scale Mail Armor
30:29 Forging
30:35 Chain Mail Armor
31:51 Iron Casting
31:24 Gold Mining
33:55 Gold Shaft Mining
33:12 Stone Mining
36:16 Imperial Age
36:45 Scale Barding Armor
37:02 Farimba
36:24 Elite Gbeto
37:26 Conscription
36:48 Light Cavalry
37:39 Husbandry
37:59 Bloodlines
39:15 Chain Barding Armor
39:26 Plate Mail Armor
39:40 Heavy Camel Rider
41:10 Onager
44:29 Chemistry
51:45 Capped Ram
54:16 Wheelbarrow
57:31 Plate Barding Armor
RodrigoOBOMM
10:56 Feudal Age
12:19 Loom
16:43 Castle Age
16:49 Double-Bit Axe
16:46 Horse Collar
24:30 Gold Mining
29:01 Bow Saw
30:17 Fletching
31:12 Heavy Plow
31:14 Padded Archer Armor
31:10 Bodkin Arrow
32:01 Stone Mining
33:24 Wheelbarrow
36:18 Red Cliffs Tactics
37:00 Forging
38:16 Hand Cart
40:49 Imperial Age
40:14 Iron Casting
39:40 Scale Mail Armor
39:27 Pikeman
40:08 Squires
41:13 Hand Cart
40:47 Town Watch
43:12 Blast Furnace
42:18 Bracer
42:43 Conscription
44:17 Sitting Tiger
43:52 Elite Fire Archer
45:29 Town Patrol
46:32 Two-Man Saw
45:56 Chain Mail Armor
46:41 Ballistics
51:09 Man-at-Arms
52:23 Plate Mail Armor
52:06 Long Swordsman
54:30 Chemistry
53:42 Masonry
53:05 Two-Handed Swordsman
Daniel
11:09 Feudal Age
11:40 Double-Bit Axe
15:43 Loom
18:34 Castle Age
16:21 Horse Collar
18:25 Stone Mining
18:25 Gold Mining
20:44 Bow Saw
20:38 Heavy Plow
36:39 Wheelbarrow
41:54 Padded Archer Armor
41:56 Fletching
44:07 Thumb Ring
43:30 Elite Skirmisher
45:26 Ballistics
44:48 Treadmill Crane
47:29 Leather Archer Armor
54:31 Imperial Age
Connection lost

Rejoining the realm…

Still unreachable

The connection could not be restored.

Session expired

The server has moved on; the page needs a fresh start.